 Dungeon Crawl Stone Soup version 0.23.2-30-g0e89c35649 (webtiles) character file.

Game seed: 12174988039778217547

49 shaftsstink the Scratcher (level 3, -1/15 HPs)
             Began as a Felid Transmuter on June 17, 2019.
             Killed from afar by Sigmund (8 damage)
             ... with a puff of flame
             ... on level 2 of the Dungeon.
             The game lasted 00:04:46 (2057 turns).

shaftsstink the Scratcher (Felid Transmuter)        Turns: 2057, Time: 00:04:46

Health: -1/15      AC:  2    Str:  6    XL:     3   Next: 53%
Magic:  5/7        EV: 21    Int: 14    God:
Gold:   74         SH:  0    Dex: 22    Spells: 0/6 levels left
                                        Lives:  0   Deaths: 0

rFire    . . .     SeeInvis +     - Unarmed
rCold    . . .     Gourm    .   (shield unavailable)
rNeg     + . .     Faith    .   (armour unavailable)
rPois    x         Spirit   .   (helmet unavailable)
rElec    .         Reflect  .   (cloak unavailable)
rCorr    .         Harm     .   (gloves unavailable)
MR       .....                  (boots unavailable)
Stlth    ++........             (no amulet)
HPRegen  0.05/turn              d - ring of positive energy
MPRegen  0.10/turn              (no ring)

@: spider-form (expiring)
A: tiny, no armour, no weapons or thrown items, stealth, see invisible,
carnivore, slow metabolism 1
a: End Transformation


You were on level 2 of the Dungeon.
You were completely stuffed.
You were a venomous arachnid creature.
You visited 1 branch of the dungeon, and saw 2 of its levels.

You collected 74 gold pieces.

Inventory:

Missiles
 a - 22 arrows
Jewellery
 d - a ring of positive energy (left front leg)
Scrolls
 b - 3 scrolls of identify {unknown}
 e - a scroll of enchant weapon {unknown}
 i - a scroll of fog {unknown}
Potions
 f - a potion of curing {unknown}
 h - a potion of haste {unknown}
 j - a potion of heal wounds {unknown}
Comestibles
 c - 3 rations
 g - 2 chunks of flesh


   Skills:
 * Level 1.3 Fighting
 + Level 3.0 Dodging
 + Level 0.9 Stealth
 + Level 3.7 Unarmed Combat
 + Level 2.3 Spellcasting
 + Level 2.6 Transmutations
 * Level 0.1 Poison Magic


You couldn't memorise any spells.
You knew the following spells:

 Your Spells              Type           Power        Failure   Level  Hunger
a - Beastly Appendage     Tmut           #.....       21%         1    #......
b - Sticks to Snakes      Tmut           #.......     28%         2    ###....
c - Spider Form           Tmut/Pois      #.........   58%         3    ###....

Your spell library contained the following spells:

 Spells                   Type           Power        Failure   Level  Hunger
 Ice Form                 Ice/Tmut       #.......     92%         4    #####..
 Blade Hands              Tmut           #.........   98%         5    ######.


Dungeon Overview and Level Annotations

Branches:
Dungeon (2/15)

Altars:

Annotations:
D:2 Robin, Sigmund


Innate Abilities, Weirdness & Mutations

You cannot wear armour.
You are incapable of wielding weapons or throwing items.
Your paws allow you to move quietly. (Stealth)
((You have sharp claws.))
((You have razor-sharp teeth.))
You have supernaturally acute eyesight. (SInv)
You are carnivorous and can eat meat at any time.
((You cover ground quickly.))
((You are covered in fur. (AC +1)))
You have a slow metabolism.
((Your sharp claws are effective at attacking unaware monsters.))


Message History

Confirm with . or Enter, or press ? or * to list all spells.
You turn into a venomous arachnid creature.
Your transformation is almost over.
A frilled lizard comes into view.
Sigmund shouts!
The frilled lizard hisses angrily.
Sigmund misses you.
Found a chain mail.
You closely miss Sigmund. Sigmund misses you. The frilled lizard bites you.
You closely miss Sigmund. The frilled lizard misses you.
Sigmund gestures at you while chanting. The puff of flame hits you!
You hit Sigmund.
Sigmund is poisoned.
Sigmund is lightly wounded.
The frilled lizard bites you but does no damage.
You hit Sigmund.
Sigmund looks as sick as possible!
Sigmund is moderately wounded.
Sigmund gestures at you while chanting. The puff of flame hits you!
Ouch! That really hurt!
You die...

.. #...... # #.# #......
##.#.. #...... ......#
#......
####.##.####...)..
..................
#######........###......
..[....@....##..##.#'###
#######s##..###.##.#.#
......l.##..###.##.#.###
#######.##..............
##.....####.#.#.###
#......# #...#....
#.....## ##).#####
#.##### #..# # #.# ##.#
# #.###########.## #


You could see Sigmund and a frilled lizard.

Vanquished Creatures
  An adder (D:2)
  A worm (D:2)
  A dart slug (D:1)
  2 giant cockroaches
  6 goblins
  3 hobgoblins
  4 jackals (D:1)
  A quokka (D:2)
  A ball python (D:1)
  5 bats
  3 frilled lizards
  3 kobolds
  5 rats
36 creatures vanquished.

Notes
Turn   | Place    | Note
-------+----------+-------------------------------------------
     0 | D:1      | shaftsstink the Felid Transmuter began the quest for the
                  | Orb.
     0 | D:1      | Reached XP level 1. HP: 9/9 MP: 4/4
   389 | D:1      | Reached XP level 2. HP: 4/12 MP: 3/6
   435 | D:1      | Learned a level 2 spell: Sticks to Snakes
  1430 | D:2      | Reached XP level 3. HP: 14/15 MP: 2/7
  1600 | D:2      | Noticed Robin
  1809 | D:2      | Learned a level 3 spell: Spider Form
  1964 | D:2      | Noticed Sigmund
  2057 | D:2      | Killed from afar by Sigmund

Skill      XL: |  1  2 |
---------------+-------+-----
Dodging        | 3 |  3.0
Fighting       | |  1.3
Stealth        | |  0.9
Unarmed Combat | |  3.7
Spellcasting   | |  2.3
Transmutations | |  2.6
Poison Magic   | |  0.1

Action                   || total
-------------------------++-------
Melee: Unarmed           ||    72
       Headbutt          ||    11
       Bite              ||     5
 Cast: Beastly Appendage ||    19
       Sticks to Snakes  ||     3
       Spider Form       ||     1
 Stab: Sleeping          ||     8
  Eat: Chunk             ||    10
Armor: Skin              ||     1
Dodge: Dodged            ||    45
